 Dungeon Crawl Stone Soup version 0.28-a0-194-g42b4daccc1 (webtiles) character file.

Game seed: 9070659158218568600

24 ZeuX the Grasshopper (level 2, 0/15 HPs)
             Began as a Spriggan Warper on Aug 18, 2021.
             Succumbed to an adder's poison
             ... on level 1 of the Dungeon.
             The game lasted 00:09:03 (1432 turns).

ZeuX the Grasshopper (Spriggan Warper)              Turns: 1432, Time: 00:09:04

Health: 0/15       AC:  2    Str:  7    XL:     2   Next: 79%
Magic:  6/6        EV: 17    Int: 14    God:
Gold:   84         SH:  0    Dex: 14    Spells: 6/6 levels left

rFire   . . .      SeeInvis +   l - +0 dagger (venom)
rCold   . . .      Faith    .   (shield restricted)
rNeg    . . .      Spirit   .   b - +0 robe
rPois   .          Reflect  .   (helmet restricted)
rElec   .          Harm     .   (no cloak)
rCorr   .          Rampage  .   (gloves unavailable)
Will    .....                   (boots unavailable)
Stlth   ++........              (no amulet)
HPRegen 0.05/turn               (no ring)
MPRegen 0.10/turn               (no ring)

@: lethally poisoned (0 -> -6), very quick
A: very small, no large weapons, unfitting armour, see invisible, speed 3
a: no special abilities


You were on level 1 of the Dungeon.
You visited 1 branch of the dungeon, and saw 2 of its levels.

You collected 84 gold pieces.

Inventory:

Hand Weapons
 a - a +0 short sword
 f - a +0 club
 h - a +0 short sword
 k - a +0 short sword
 l - a +0 dagger of venom (weapon)
 n - a +0 dagger
Missiles
 d - a boomerang of dispersal (quivered)
 i - 13 arrows
 j - 23 stones
Armour
 b - a +0 robe (worn)
 m - a +0 pair of boots
 o - a +0 helmet
 p - a +0 leather armour
Scrolls
 c - 2 scrolls of blinking
 g - a scroll of identify {unknown}
Potions
 e - a potion of curing {unknown}


   Skills:
 + Level 1.6 Fighting
 + Level 2.6 Short Blades
 + Level 1.0 Throwing
 + Level 3.5 Dodging
 + Level 0.6 Stealth
 + Level 2.8 Spellcasting
 + Level 5.1 Translocations


You had 6 spell levels left.
You didn't know any spells.
Your spell library contained the following spells:

 Spells                   Type           Power      Damage    Failure   Level
 Blink                    Tloc           N/A        N/A       4%          2
 Gell's Gravitas          Tloc           8%         N/A       9%          3
 Lesser Beckoning         Tloc           8%         N/A       9%          3
 Teleport Other           Tloc           16%        N/A       9%          3
 Manifold Assault         Tloc           16%        N/A       58%         5


Dungeon Overview and Level Annotations

Branches:
Dungeon (2/15)

Altars:


Innate Abilities, Weirdness & Mutations

You are very small and have problems with some larger weapons.
You are too small for most types of armour.
You have supernaturally acute eyesight. (SInv)
You cover ground extremely quickly. (Speed+++)


Message History

The hobgoblin barely misses you.
You hit the hobgoblin but do no damage.
The hobgoblin looks as sick as possible!
The hobgoblin is severely wounded.
The hobgoblin closely misses you.
You closely miss the hobgoblin.
The hobgoblin is almost dead.
You kill the hobgoblin!
Found a stone staircase leading up.
An adder comes into view.
There is a stone staircase leading up here.
The adder hisses angrily.
You closely miss the adder. The adder bites you.
You hit the adder but do no damage.
The adder is poisoned.
The adder bites you.
You completely miss the adder. The adder completely misses you.
There is a stone staircase leading up here.
You can't go down here!
The adder barely misses you.
You climb upwards.
There is a stone staircase leading down here.
The adder bites you.
You are poisoned.
The adder poisons you!
You feel sick.
The adder looks more healthy.
You feel sick.
You feel sick.
You barely miss the adder.
The adder is heavily wounded.
You feel sick.
You are no longer poisoned.
The adder bites you.
* * * LOW HITPOINT WARNING * * *
You are lethally poisoned!
The adder poisons you!
You don't know any spells.
Sorry, you're not good enough to have a special ability.
You don't know any spells.
* * * LOW HITPOINT WARNING * * *
You feel sick.
You die...

#####....##≈.. #........##÷..
#......####... #......# #≈..
#......# ##.≈ #......# ##.≈
#......# #.≈≈
.##########......####..≈
.......@.S...>......#..≈
....................#...
#.#.############.###.....
#########.#.#...##.. ...# #...#.
........#.#.#.#.##.####### #...##
........#.#.#.#.##......# #.....
........#.#.#.#.##..#.#.####.....
...†.^..#.#.#.#.##....#.#.......#
........#.#.#.#.......#.#.##.....


You could see an adder.

Vanquished Creatures
  A worm (D:2)
  A dart slug (D:1)
  2 bats
  2 endoplasms (D:1)
  3 giant cockroaches (D:1)
  2 goblins
  A hobgoblin (D:2)
  A quokka (D:1)
  2 frilled lizards (D:1)
  2 kobolds
17 creatures vanquished.

Notes
Turn   | Place    | Note
-------+----------+-------------------------------------------
     0 | D:1      | ZeuX the Spriggan Warper began the quest for the Orb.
     0 | D:1      | Reached XP level 1. HP: 10/10 MP: 5/5
   591 | D:1      | Reached skill level 5 in Translocations
   591 | D:1      | Reached XP level 2. HP: 7/14 MP: 6/6
  1432 | D:1      | Succumbed to an adder's poison

Illustrated notes

Levels and vault maps discovered:
D:1:      dpeg_arrival_more_subterranean_lakeside_camping, layout_basic
D:2:      layout_loops_ring, shapermc_ecumenical_altar_rom_forum,
          minmay_misc_feat_rugged

Skill      XL: |  1 |
---------------+----+-----
Translocations | 5 |  5.1
Fighting       | |  1.6
Short Blades   | |  2.6
Throwing       | |  1.0
Dodging        | |  3.5
Stealth        | |  0.6
Spellcasting   | |  2.8

Action                   || total
-------------------------++-------
Melee: Short sword       ||    45
       Dagger            ||    31
Throw: Boomerang         ||     4
  Use: Scroll            ||     1
 Stab: Sleeping          ||     3
Armor: Robe              ||    11
Dodge: Dodged            ||    52

Table legend: (Time is in decaauts)
 A = Elapsed time spent in this place.
 B = Non-inter-level travel time spent in this place.
 C = Inter-level travel time spent in this place.
 D = Time resting spent in this place.
 E = Time spent auto-exploring this place.
 F = Levels seen in this place.
 G = Mean time per level.
                   A        B        C        D        E       F      G
               +--------+--------+--------+--------+--------+-----+--------+
         Total |   1227 |   1227 |      0 |    780 |     90 |   2 |  613.5 |
       Dungeon |   1227 |   1227 |      0 |    780 |     90 |   2 |  613.5 |
               +--------+--------+--------+--------+--------+-----+--------+

Top non-repeatable levels by time:
     D:1: 776 daAuts
     D:2: 450 daAuts
